 Dungeon Crawl Stone Soup version 0.18-a0-62-gc15d2f0 (webtiles) character file.

86 Duffy the Skirmisher (level 4, -2/38 HPs)
             Began as a Formicid Artificer on Nov 9, 2015.
             Slain by a worm (8 damage)
             ... on level 2 of the Dungeon.
             The game lasted 00:01:39 (2002 turns).

Duffy the Skirmisher (Formicid Artificer)           Turns: 2002, Time: 00:01:39

Health: -2/38      AC:  5    Str: 16    XL:     4   Next: 77%
Magic:  6/6        EV: 11    Int: 11    God:
Gold:   25         SH:  0    Dex: 12    Spells: 0 memorised, 3 levels left

rFire  . . .     SeeInvis +     a - +0 short sword
rCold  . . .     Clarity  .     h - +0 ring mail
rNeg   . . .     SustAt   .     (no shield)
rPois  .         Gourm    .     (helmet unavailable)
rElec  .         Spirit   .     (no cloak)
rCorr  .         Warding  .     (no gloves)
rMut   .         Stasis   +     (no boots)
MR     .....                    (no amulet)
Stlth  +.........               (no ring)
                                (no ring)

@: not resistant to hostile enchantments, very unstealthy
A: permanent stasis, dig shafts and tunnels, four strong arms, antennae 3
a: Dig, Shaft Self


You were on level 2 of the Dungeon.
You were not hungry.

You visited 1 branch of the dungeon, and saw 2 of its levels.

You collected 25 gold pieces.


Innate Abilities, Weirdness & Mutations

You are under a permanent stasis effect.
You can dig through walls and to a lower floor.
Your four strong arms can wield two-handed weapons with a shield.
You have a pair of large antennae on your head (SInv).


   Skills:
 + Level 4.6 Fighting
 - Level 1.0 Short Blades
 - Level 1.7 Dodging
 - Level 1.2 Stealth
 - Level 3.2 Evocations


You had 3 spell levels left.
You didn't know any spells.

Inventory:

Hand Weapons
 a - a +0 short sword (weapon)
Armour
 b - a +0 leather armour
 h - a +0 ring mail (worn)
Jewellery
 i - an uncursed ring of wizardry
Wands
 c - a wand of flame (12)
 d - a wand of enslavement (15)
 e - a wand of random effects (15)
Scrolls
 g - a scroll of teleportation {unknown}
 j - a scroll of immolation {unknown}
 m - 2 scrolls of identify {unknown}
 n - a scroll of blinking {unknown}
 o - a scroll of magic mapping {unknown}
Potions
 k - a potion of cancellation {unknown}
Comestibles
 f - 2 bread rations
 l - a meat ration

Dungeon Overview and Level Annotations

Branches:
Dungeon (2/15)

Altars:


Message History

You hit the worm.
The worm is heavily wounded.
The worm bites you.
You hit the worm.
The worm is severely wounded.
You hit the worm.
The worm is almost dead.
The worm bites you!
You are too injured to fight recklessly!
You are too injured to fight recklessly!
You are too injured to fight recklessly!
You are too injured to fight recklessly!
You are too injured to fight recklessly!
You are too injured to fight recklessly!
You are too injured to fight recklessly!
You are too injured to fight recklessly!
You are too injured to fight recklessly!
You are too injured to fight recklessly!
You are too injured to fight recklessly!
You are too injured to fight recklessly!
You are too injured to fight recklessly!
You are too injured to fight recklessly!
You are too injured to fight recklessly!
You are too injured to fight recklessly!
You are too injured to fight recklessly!
You are too injured to fight recklessly!
You hit the worm but do no damage.
The worm is severely wounded.
The worm bites you!
You barely miss the worm.
The worm is severely wounded.
You completely miss the worm.
The worm is severely wounded.
The worm bites you!
You die...

## #..## #######..
##..# #.....#...##..#
#.............####
#####.....#...###.....
#.........#...####.###
#..................>..
#.......#.#...######..
#...w@.........#...#..
#..............#......
#..............###.##.
###.####..............
#. #.......###.### #.
#.......# #.# #
##.#.#### #.# #.#.#
#.# #†#.# #.#


You could see a worm.

Action                   |  1- 3 |  4- 6 || total
-------------------------+-------+-------++-------
Melee: Short sword       |   149 |    25 ||   174
Evoke: Wand              |     3 |       ||     3
  Eat: Chunk             |     2 |     2 ||     4

Notes
Turn   | Place    | Note
--------------------------------------------------------------
     0 | D:1      | Duffy the Formicid Artificer began the quest for the Orb.
     0 | D:1      | Reached XP level 1. HP: 15/15 MP: 3/3
   249 | D:1      | Reached skill level 2 in Fighting
   362 | D:1      | Reached XP level 2. HP: 22/22 MP: 4/4
   607 | D:1      | Reached skill level 3 in Fighting
   607 | D:1      | Reached XP level 3. HP: 10/29 MP: 5/5
  1636 | D:2      | Noticed Ijyb
  1678 | D:1      | Killed Ijyb
  1678 | D:1      | Reached skill level 4 in Fighting
  1678 | D:1      | Reached XP level 4. HP: 19/38 MP: 6/6
  2002 | D:2      | Slain by a worm

Vault maps used:
D:1:      dpeg_arrival_brainrot
D:2:      wad_river_or_something, first_bread, uniq_sigmund, uniq_terence,
          uniq_iyjb

Vanquished Creatures
  Ijyb
  A gnoll
  An adder
  An ooze
  2 giant geckos
  2 giant cockroaches
  3 goblins
  5 hobgoblins
  A jackal
  7 bats
  2 giant newts
  5 kobolds
  2 rats
33 creatures vanquished.
